 Dungeon Crawl Stone Soup version 0.30-a0-304-gdc4b735fe1 (webtiles) character file.

Game seed: 17950632913601932632

92 Iusername the Trooper (level 4, 0/41 HPs)
             Began as a Minotaur Fighter on Oct 20, 2022.
             Slain by a gnoll
             ... wielding a +0 flail
              (3 damage)
             ... on level 2 of the Dungeon.
             The game lasted 00:01:38 (905 turns).

Iusername the Trooper (Minotaur Fighter)             Turns: 905, Time: 00:01:38

Health: 0/41       AC:  7    Str: 23    XL:     4   Next: 35%
Magic:  3/3        EV:  9    Int:  5    God:
Gold:   93         SH:  5    Dex:  9    Spells: 3/3 levels left

rFire   . . .      SeeInvis .    a - +0 trident
rCold   . . .      Faith    .    (no shield)
rNeg    . . .      Spirit   .    b - +0 scale mail
rPois   .          Reflect  +    (helmet restricted)
rElec   .          Harm     .    (no cloak)
rCorr   .          Rampage  .    (no gloves)
Will    .....                    (no boots)
Stlth   ..........               j - amulet of reflection
HPRegen 0.26/turn                (no ring)
MPRegen 0.08/turn                (no ring)

@: mighty
A: horns 2, retaliatory headbutt
a: no special abilities


You were on level 2 of the Dungeon.
You visited 1 branch of the dungeon, and saw 2 of its levels.

You collected 93 gold pieces.

Inventory:

Hand Weapons
 a - a +0 trident (weapon)
Armour
 b - a +0 scale mail (worn)
Jewellery
 c - a ring of magical power
 j - an amulet of reflection (around neck)
 k - a ring of fire
Scrolls
 e - a scroll of vulnerability {unknown}
 g - a scroll of silence {unknown}
 h - 2 scrolls of identify {unknown}
 l - a scroll of fear {unknown}
 m - 2 scrolls of butterflies {unknown}
 n - a scroll of teleportation {unknown}
Potions
 f - a potion of heal wounds {unknown}
 i - a potion of invisibility {unknown}


   Skills:
 + Level 4.4 Fighting
 + Level 3.5 Polearms
 + Level 4.4 Armour
 + Level 4.4 Shields


You had 3 spell levels left.
You didn't know any spells.
Your spell library contained the following spells:

 Spells                   Type           Power      Damage    Failure   Level
 Blink                    Tloc           0%         N/A       89%         2
 Momentum Strike          Conj/Tloc      0%         3d8       89%         2
 Lesser Beckoning         Tloc           0%         N/A       98%         3


Dungeon Overview and Level Annotations

Branches:
Dungeon (2/15)

Altars:
Fedhas

Annotations:
D:2 1 runed translucent door, Crazy Yiuf


Innate Abilities, Weirdness & Mutations

You have a pair of horns on your head.
You reflexively headbutt those who attack you in melee.


Message History

You hit the giant cockroach.
The giant cockroach is severely wounded.
The giant cockroach barely misses you.
The giant cockroach bites you but does no damage.
A giant cockroach is nearby!
You hit the giant cockroach.
You kill the giant cockroach!
You now have 77 gold pieces (gained 16).
n - a scroll labelled KEAXUL CAMAS No target in view!
You now have 93 gold pieces (gained 16).
A gnoll comes into view. It is wielding a +0 spear.
The gnoll shouts!
You hear a shout! x2
A gnoll comes into view. It is wielding a +0 halberd.
The gnoll shouts!
The gnoll moves out of view.
A gnoll is nearby!
A gnoll comes into view. It is wielding a +0 flail.
There are monsters nearby!
You reach to attack!
You barely miss the gnoll. The gnoll barely misses you.
You block the gnoll's attack.
There are monsters nearby!
You reach to attack!
You hit the gnoll but do no damage.
The gnoll hits you from afar with a +0 spear.
The gnoll hits you from afar with a +0 halberd.
There are monsters nearby!
You reach to attack!
You barely miss the gnoll. The gnoll closely misses you.
The gnoll hits you from afar with a +0 halberd!
The gnoll hits you from afar with a +0 spear.
The gnoll hits you from afar with a +0 halberd.
You are too injured to fight recklessly!
Unknown command.
You feel very mighty all of a sudden. The gnoll hits you but does no damage.
The gnoll barely misses you. The gnoll hits you with a +0 spear.
You block the gnoll's attack. The gnoll hits you with a +0 flail!
* * * LOW HITPOINT WARNING * * *
You closely miss the gnoll. The gnoll barely misses you.
You block the gnoll's attack. The gnoll hits you with a +0 flail.
You die...

#.. ######............
#.# ...................
...
.....#..................
.....#..................
#..#........>..........
#..................#..
##.g..............#..
#..g@.....#.......#..
......g#####......_.....
####..# #..............
#.. ##.............. ...
##............... #...
#................ #..
#.#....<......... #..
##.#..............
....#...............<.


You could see 3 gnolls.

Vanquished Creatures
  Terence (D:2)
  2 adders (D:2)
  3 worms (D:2)
  A dart slug (D:1)
  4 endoplasms
  3 giant cockroaches
  A goblin (D:2)
  4 hobgoblins
  3 jackals (D:1)
  4 kobolds
  4 ball pythons (D:1)
  4 bats
  2 frilled lizards
  3 rats (D:1)
39 creatures vanquished.

Notes
Turn   | Place    | Note
-------+----------+-------------------------------------------
     0 | D:1      | Iusername the Minotaur Fighter began the quest for the Orb.
     0 | D:1      | Reached XP level 1. HP: 19/19 MP: 0/0
   211 | D:1      | Reached XP level 2. HP: 27/27 MP: 1/1
   472 | D:1      | You fall into a shaft and drop 1 floor!
   477 | D:2      | Reached XP level 3. HP: 33/33 MP: 2/2
   536 | D:2      | Noticed Terence
   551 | D:2      | Killed Terence
   552 | D:2      | Reached XP level 4. HP: 10/41 MP: 3/3
   790 | D:2      | Found a runed translucent door.
   791 | D:2      | Noticed Crazy Yiuf
   818 | D:2      | Found a blossoming altar of Fedhas.
   905 | D:2      | Slain by a gnoll

Illustrated notes

Levels and vault maps discovered:
D:1:      amcnicky_arrival_gap_in_the_tavern_cellar, layout_loops_cross,
          ebering_ecumenical_altar_webs, minmay_indecisive_spiral
D:2:      layout_rooms, basic_altar, uniq_terence, uniq_crazy_yiuf_cottage

Skill      XL: |  1  2 |
---------------+-------+-----
Fighting       | 4 |  4.4
Armour         | 4 |  4.4
Shields        | 4 |  4.4
Polearms       | 3 |  3.5

Action                   |  1- 3 |  4- 6 || total
-------------------------+-------+-------++-------
Melee: Trident           |    86 |    24 ||   110
       Headbutt          |    10 |     3 ||    13
  Use: Potion            |       |     1 ||     1
Armor: Scale mail        |    20 |     9 ||    29
Dodge: Dodged            |    37 |     9 ||    46
Block: Buckler           |     1 |       ||     1
       Other             |     4 |     9 ||    13

Table legend: (Time is in decaauts)
 A = Elapsed time spent in this place.
 B = Non-inter-level travel time spent in this place.
 C = Inter-level travel time spent in this place.
 D = Time resting spent in this place.
 E = Time spent auto-exploring this place.
 F = Levels seen in this place.
 G = Mean time per level.
                   A        B        C        D        E       F      G
               +--------+--------+--------+--------+--------+-----+--------+
         Total |    921 |    921 |      0 |     26 |    659 |   2 |  460.5 |
       Dungeon |    921 |    921 |      0 |     26 |    659 |   2 |  460.5 |
               +--------+--------+--------+--------+--------+-----+--------+

Top non-repeatable levels by time:
     D:1: 481 daAuts
     D:2: 440 daAuts
